Map: Dash and Terminal LE (Void)

Players

SuM

  • Race: Protoss Protoss
  • League: Gold

ReDBeTraYaL - Winner!

  • Race: Terran Terran
  • League: Platinum

VOD

Have the link to the VOD?

Description

Time

  • Played on: July 24, 2015, 6:05 a.m.
  • Length: 16:40
Show
View Real Time Build Order
Export as new Build Order

SuM Protoss 

Build Orders: Colossus Rush, Dark Templar Rush 

Get SALT Encoding   

  12  0:01  Probe  
  13  0:13  Pylon  
  13  0:18  Probe  
  14  0:31  Probe (Chrono Boost)  
  15  0:39  Gateway  
  15  0:41  Probe (Chrono Boost)  
  16  0:47  Assimilator  
  16  0:49  Probe  
  17  0:55  Assimilator  
  17  1:01  Probe  
  18  1:14  Pylon  
  18  1:15  Probe  
  19  1:28  Cybernetics Core  
  19  1:30  Probe  
  20  1:42  Probe (Chrono Boost)  
  20  1:43  Pylon  
  22  1:55  Probe (Chrono Boost)  
  22  2:02  Probe (Chrono Boost)  
  22  2:05  Warp Gate (Chrono Boost)  
  23  2:12  Mothership Core (Chrono Boost)  
  25  2:19  Twilight Council  
  25  2:21  Stalker (Chrono Boost)  
  27  2:26  Probe  
  28  2:32  Gateway  
  28  2:48  Pylon  
  28  2:51  Probe  
  29  2:59  Dark Shrine  
  29  3:03  Probe (Chrono Boost)  
  30  3:10  Robotics Facility  
  30  3:20  Probe (Chrono Boost)  
  31  3:32  Probe  
  32  3:47  Nexus  
  32  3:52  Probe  
  33  3:58  Observer  
  34  4:05  Probe  
  35  4:12  Dark Templar x2  
  39  4:29  Probe  
  40  4:35  Forge  
  40  4:40  Robotics Bay  
  40  4:41  Probe  
  41  4:53  Probe  
  41  5:02  Assimilator  
  41  5:04  Assimilator  
  41  5:05  Probe  
  38  5:18  Probe (Chrono Boost)  
  40  5:23  Probe (Chrono Boost), Pylon  
  40  5:28  Probe (Chrono Boost)  
  41  5:31  Probe (Chrono Boost)  
  41  5:32  Colossus (Chrono Boost)  
  41  5:34  Zealot x2  
  41  5:35  Probe  
  47  5:41  Probe  
  54  5:47  Probe (Chrono Boost), Photon Cannon  
  55  5:55  Probe (Chrono Boost)  
  56  5:59  Extended Thermal Lance (Chrono Boost), Probe (Chrono Boost)  
  56  6:03  Pylon  
  58  6:04  Probe (Chrono Boost), Pylon  
  58  6:07  Probe (Chrono Boost)  
  58  6:10  Protoss Ground Armor Level 1 (Chrono Boost)  
  58  6:11  Probe  
  60  6:20  Probe, Colossus (Chrono Boost)  
  67  6:33  Sentry x2  
  71  6:45  Nexus  
  71  6:50  Pylon  
  71  6:55  Probe  
  71  6:56  Probe  
  73  7:01  Charge  
  73  7:06  Colossus (Chrono Boost)  
  73  7:08  Probe x2  
  81  7:15  Gateway  
  81  7:24  Gateway  
  81  7:25  Gateway  
  81  7:30  Gateway  
  81  7:33  Pylon  
  81  7:35  Pylon  
  81  7:39  Assimilator  
  81  7:43  Assimilator  
  81  7:47  Colossus  
  81  7:51  Protoss Ground Armor Level 2 (Chrono Boost)  
  86  8:13  Gateway x2  
  86  8:16  Gateway  
  83  8:38  Zealot x5  
  83  8:39  Zealot  
  95  8:45  Pylon  
  95  8:46  Probe (Chrono Boost)  
  98  8:52  Photon Cannon  
  98  8:53  Probe x2 (Chrono Boost)  
  98  9:01  Probe (Chrono Boost)  
  98  9:02  Probe (Chrono Boost), Colossus (Chrono Boost)  
  100  9:08  Probe (Chrono Boost)  
  107  9:13  Probe (Chrono Boost)  
  107  9:16  Dark Templar  
  112  9:18  Probe x2 (Chrono Boost)  
  88  9:39  Zealot  
  88  9:40  Zealot x4  
  88  9:41  Zealot x3  
  104  9:48  Colossus (Chrono Boost)  
  110  9:54  Probe x3  
  113  10:05  Sentry x2  
  113  10:06  Probe  
  113  10:07  Zealot x3  
  122  10:14  Templar Archives  
  122  10:40  Protoss Ground Armor Level 3 (Chrono Boost)  
  122  10:48  Pylon x2  
  122  10:50  Pylon  
  122  10:54  Probe  
  122  10:55  Pylon  
  122  10:56  Colossus (Chrono Boost)  
  117  11:01  Stalker  
  117  11:02  Stalker x3  
  121  11:15  High Templar  
  121  11:16  High Templar x4  
  127  11:21  Archon x2  
  121  11:27  Zealot x3  
  121  11:28  Zealot  
  105  11:39  Psionic Storm  
  91  12:03  High Templar x4  
  91  12:04  High Templar  
  91  12:06  Zealot x4  
  109  12:09  Archon  
  109  12:10  Archon  
  109  12:19  Photon Cannon  
  109  12:30  High Templar x3  
  109  12:31  Zealot  
  109  12:32  Nexus  
  109  12:35  Pylon, Archon  
  109  12:37  Zealot x5, Assimilator  
  119  12:40  Assimilator  
  127  12:50  Pylon  
  119  12:57  High Templar  
  111  12:58  Zealot x3  
  111  12:59  Zealot x2  
  78  13:14  High Templar x2  
  78  13:15  High Templar  
  78  13:19  Gateway  
  84  13:20  Gateway  
  84  13:22  Gateway, Zealot x2  
  84  13:23  Zealot x2  
  84  13:26  Protoss Ground Weapons Level 1 (Chrono Boost)  
  92  13:27  Zealot  
  93  13:39  Probe x2  
  95  13:43  Colossus (Chrono Boost)  
  101  13:53  High Templar x2  
  101  13:54  Zealot x2  
  101  13:55  Zealot  
  111  14:10  Zealot x4  
  112  14:24  Blink  
  112  14:36  Colossus (Chrono Boost)  
  118  14:54  Zealot x4  
  118  14:55  High Templar x3  
  118  14:56  Zealot  
  118  14:57  Zealot x4  
  142  15:00  Archon  
  142  15:06  Probe x2  
  144  15:20  Nexus  
  144  15:23  Pylon  
  120  15:50  Zealot x4  
  120  15:51  Zealot, High Templar x2  
  120  15:52  High Templar x4  
  120  15:58  Archon  
  120  15:59  Archon x2  
  84  16:12  Zealot x4  
  84  16:13  Zealot x2  
  86  16:31  Zealot x2  
  86  16:32  Zealot x4  
  76  16:33  Zealot  
Show
View Real Time Build Order
Export as new Build Order

ReDBeTraYaL Terran - Winner!

Build Orders:  

Get SALT Encoding   

  12  0:01  SCV  
  13  0:13  SCV  
  14  0:19  Supply Depot  
  14  0:26  SCV  
  15  0:40  SCV  
  16  0:44  Refinery  
  16  0:46  Barracks  
  16  0:52  SCV  
  17  1:04  SCV  
  17  1:08  Supply Depot  
  18  1:17  SCV  
  19  1:34  Orbital Command  
  19  1:38  Bunker  
  19  1:44  Barracks Tech Lab  
  19  1:53  Ghost Academy  
  19  2:00  SCV  
  20  2:04  Refinery  
  20  2:08  Engineering Bay  
  20  2:12  SCV  
  20  2:13  Marine  
  22  2:28  SCV  
  23  2:31  Ghost  
  23  2:34  Missile Turret  
  25  2:47  SCV  
  26  2:58  Command Center  
  26  3:05  Missile Turret  
  26  3:07  SCV  
  27  3:19  Ghost  
  29  3:22  SCV  
  30  3:28  Supply Depot  
  30  3:34  SCV  
  31  3:49  Ghost  
  31  3:50  SCV  
  31  3:53  Barracks  
  34  4:10  Orbital Command  
  33  4:18  Ghost  
  33  4:21  SCV  
  33  4:23  Factory  
  36  4:39  Orbital Command  
  36  4:43  SCV, Missile Turret  
  37  4:46  Ghost  
  37  4:50  Barracks Tech Lab  
  39  5:00  Missile Turret  
  38  5:08  Starport  
  38  5:15  SCV x2  
  40  5:21  Ghost  
  40  5:22  Factory Reactor  
  40  5:27  SCV x2  
  44  5:39  Terran Infantry Weapons Level 1, SCV x2  
  46  5:48  Ghost  
  48  6:06  SCV x2, Refinery  
  48  6:07  Refinery, Barracks  
  50  6:12  Supply Depot  
  50  6:15  Supply Depot  
  50  6:18  Personal Cloaking  
  50  6:20  SCV x2  
  50  6:24  Medivac  
  54  6:34  SCV x2, Medivac  
  58  6:43  Command Center  
  58  6:49  Marauder  
  58  6:50  Marauder  
  58  6:51  Stimpack  
  58  6:53  Factory Reactor  
  62  6:59  Barracks Reactor  
  62  7:02  SCV x2  
  62  7:06  Medivac  
  66  7:08  Supply Depot  
  66  7:09  Supply Depot  
  66  7:14  SCV x2  
  70  7:17  Marauder  
  70  7:19  Concussive Shells  
  70  7:26  Supply Depot  
  70  7:30  Marauder  
  72  7:37  Starport  
  72  7:43  Terran Infantry Armor Level 1  
  72  7:44  SCV x2, Barracks  
  74  7:47  Barracks, Medivac  
  76  7:56  SCV x2  
  76  7:58  Marauder x2, Marine x2  
  84  8:00  Orbital Command  
  84  8:08  SCV x2  
  86  8:15  Supply Depot  
  86  8:19  Supply Depot  
  86  8:23  Viking x3  
  92  8:37  Barracks Tech Lab  
  92  8:38  Barracks Reactor  
  92  8:39  Marine  
  92  8:40  Marauder x2, Marine  
  98  8:41  Orbital Command  
  98  8:50  Armory, Engineering Bay, Supply Depot  
  98  8:54  Missile Turret  
  98  8:55  Missile Turret  
  98  8:57  Marine  
  99  9:07  Marauder x3, Marine  
  99  9:08  Viking  
  108  9:14  SCV x2  
  108  9:15  Marine  
  111  9:24  Marine  
  111  9:28  Marine  
  107  9:38  Viking x2  
  107  9:39  SCV x2, Viking  
  107  9:43  SCV  
  116  9:48  Terran Infantry Weapons Level 2, Terran Infantry Armor Level 2  
  116  9:49  Terran Vehicle Weapons Level 1  
  116  9:50  Refinery  
  116  9:51  SCV, Refinery, Missile Turret  
  117  9:53  Missile Turret  
  116  10:12  Missile Turret  
  116  10:14  SCV x2  
  116  10:15  SCV  
  116  10:18  Viking x4  
  116  10:19  Marine x2  
  116  10:20  Marine x4  
  133  10:28  Supply Depot  
  133  10:49  SCV x2, Viking x2  
  140  10:50  SCV  
  140  10:53  Command Center  
  140  10:54  Viking x2  
  117  11:19  Viking x2  
  117  11:22  Marauder x3, Marine x4  
  117  11:24  Viking  
  112  11:45  Medivac  
  112  11:46  Marine x7  
  119  11:49  Medivac  
  121  11:59  Barracks  
  121  12:01  Barracks  
  121  12:03  Marine  
  121  12:04  Marine x3  
  121  12:05  Marauder x2  
  121  12:08  Terran Infantry Weapons Level 3, Terran Infantry Armor Level 3  
  129  12:19  Ghost  
  131  12:23  Marine  
  131  12:24  Marine x3  
  131  12:25  Marine x2  
  131  12:29  Missile Turret  
  137  12:36  Medivac x2  
  141  12:41  Marine x2  
  141  12:42  Marine  
  141  12:44  Marauder x2  
  147  12:56  Refinery x2  
  135  13:03  Marauder, Marine x4  
  135  13:04  Marine  
  135  13:05  Marauder  
  120  13:07  Barracks Tech Lab  
  106  13:20  Planetary Fortress  
  106  13:22  SCV x2  
  106  13:23  SCV  
  106  13:26  Missile Turret  
  109  13:28  Barracks Tech Lab  
  109  13:32  Barracks  
  109  13:34  Ghost x3  
  109  13:36  Medivac x2  
  109  13:40  Command Center  
  119  13:42  SCV x3  
  122  13:54  SCV x2, Ghost, Marine x2  
  122  13:55  Ghost  
  130  13:56  Medivac x2  
  130  14:27  Marauder x3, Marine x4  
  130  14:28  Marine x2  
  130  14:30  Barracks Reactor  
  142  14:32  Barracks  
  142  14:43  Supply Depot  
  142  14:45  Supply Depot, Ghost x2, Marine x3  
  144  14:48  Supply Depot, Marauder  
  144  14:49  Marauder  
  144  14:50  Supply Depot, Barracks  
  144  14:51  Supply Depot  
  153  15:07  Marauder, Missile Turret, Marine x2  
  153  15:08  Marine x4  
  153  15:09  Viking x3  
  153  15:10  Marauder x2, Medivac  
  173  15:15  SCV x3  
  173  15:21  Missile Turret  
  176  15:26  Marauder x2, Marine x5  
  176  15:27  Marine x2  
  187  15:34  SCV x3  
  190  15:39  Medivac  
  185  15:48  Sensor Tower  
  157  15:50  Marauder x2, Marine x3  
  157  15:51  Marine x4, Marauder  
  142  16:09  Ghost x2  
  142  16:10  Marine x2  
  142  16:11  Marine x5  
  151  16:12  Marauder x2  
  151  16:17  Barracks Tech Lab  
Tags
 
Add a new tag
Caveats
  • Supply blocks, unpowered buildings, or Contaminate may cause inaccurate times.
  • Supply counts are checked every 10 seconds.